 Dungeon Crawl Stone Soup version 0.28-a0-850-g09de17f5b5 (webtiles) character file.

Game seed: 1242377926870606342

32 Astera the Shield-Bearer (level 3, -2/30 HPs)
             Began as a Formicid Fighter on Nov 14, 2021.
             Was a Believer of Zin.
             Killed by divine providence
             ... invoked by an orc priest
              (12 damage)
             ... on level 2 of the Dungeon.
             The game lasted 00:02:18 (1319 turns).

Astera the Shield-Bearer (Formicid Fighter)         Turns: 1319, Time: 00:02:19

Health: -2/30      AC:  7    Str: 21    XL:     3   Next: 42%
Magic:  3/3        EV:  9    Int:  7    God:    Zin [**....]
Gold:   101        SH:  4    Dex: 10    Spells: 2/2 levels left

rFire   . . .      SeeInvis +   a - +0 quarterstaff
rCold   . . .      Faith    .   c - +0 buckler
rNeg    . . .      Spirit   .   b - +0 scale mail
rPois   .          Reflect  .   (helmet unavailable)
rElec   .          Harm     .   (no cloak)
rCorr   .          Rampage  .   (no gloves)
Will    .....                   (no boots)
Stlth   ..........              (no amulet)
HPRegen 0.10/turn               (no ring)
MPRegen 0.08/turn               (no ring)

@: no status effects
A: permanent stasis, dig shafts and tunnels, antennae 3, four strong arms
a: Dig, Shaft Self, Renounce Religion, Recite, Vitalisation, Donate Gold


You were on level 2 of the Dungeon.
You worshipped Zin.
Zin was pleased with you.
You visited 1 branch of the dungeon, and saw 2 of its levels.

You collected 112 gold pieces.
You donated 11 gold pieces to Zin.

Inventory:

Hand Weapons
 a - a +0 quarterstaff (weapon)
Armour
 b - a +0 scale mail (worn)
 c - a +0 buckler (worn)
Scrolls
 e - a scroll of teleportation {unknown}
 f - a scroll of noise {unknown}
 h - a scroll of identify {unknown}
 j - a scroll of magic mapping {unknown}
 k - a scroll of blinking {unknown}
Potions
 d - 3 potions of might
 g - 2 potions of curing {unknown}
 i - a potion of flight {unknown}


   Skills:
 + Level 3.7 Fighting
 + Level 2.2 Staves
 + Level 3.9 Armour
 + Level 0.1 Dodging
 + Level 3.9 Shields


You had 2 spell levels left.
You didn't know any spells.
Your spell library contained the following spells:

 Spells                   Type           Power      Damage    Failure   Level
 Magic Dart               Conj           0%         1d3       77%         1
 Searing Ray              Conj           0%         2d4       88%         2
 Fulminant Prism          Conj/Hex       0%         3d6       100%        4


Dungeon Overview and Level Annotations

Branches:
Dungeon (2/15)

Altars:
Zin

Shops:
D:2 ?


Innate Abilities, Weirdness & Mutations

You cannot be hasted, slowed, berserked, paralysed or teleported.
You can dig through walls and to a lower floor.
You have a pair of large antennae on your head. (SInv)
Your four strong arms can wield two-handed weapons with a shield.


Message History

You see here a bat corpse.
An orc priest and a dart slug come into view.
The orc priest shouts!
You hear a shout! x3
The orc priest moves out of view.
An orc comes into view.
It is wielding a +0 mace and quivering boomerangs of dispersal.
An orc comes into view. It is wielding a +0 short sword.
The orc shouts!
You hear a shout!
The dart slug launches a dart at you. The slug dart hits you.
A frilled lizard and a hobgoblin come into view.
The hobgoblin shouts!
The frilled lizard hisses angrily.
An orc comes into view. It is wielding a +0 short sword.
A bat comes into view.
The bat moves out of view.
Found a stone staircase leading up.
The dart slug closely misses you.
You hit the dart slug.
The dart slug is moderately wounded.
The dart slug launches a dart at you. The slug dart misses you.
You sock the dart slug!
You kill the dart slug!
The orc throws a boomerang of dispersal.
The boomerang of dispersal closely misses you.
A kobold comes into view. It is wielding a +0 whip.
You hit the orc.
The orc is almost dead.
The orc throws a boomerang of dispersal.
The boomerang of dispersal hits you but does no damage.
The orc hits you with a +0 short sword.
You closely miss the orc.
The orc is almost dead.
The hobgoblin hits you but does no damage.
The orc priest calls down the wrath of Beogh upon you.
Beogh smites you! The orc hits you with a +0 short sword.
You are too injured to fight recklessly!
You are too injured to fight recklessly!
You are too injured to fight recklessly!
The orc priest invokes the aid of Beogh against you.
Beogh smites you!
You die...

#....## #.# ###...# #....#
#.###....## #....##
#.##....##.
.##.....#######..........
..........................
..........###.....(......#
..##.####.................
.. #.####.................
#.....@.#..............
.....#og.#............)..
##. #†###.........<.....


#lo .#............. .oo# .#............. ...K .....##...... ...... ..### ##.....
....## . ..^... ...< ##..#.. You could see an orc priest, 3 orcs, a hobgoblin, a
kobold and a frilled lizard.

Vanquished Creatures
  3 dart slugs
  4 bats
  An endoplasm (D:1)
  2 giant cockroaches
  A goblin (D:1)
  3 hobgoblins (D:1)
  2 jackals (D:1)
  3 kobolds
  2 ball pythons (D:1)
  3 frilled lizards
  A rat (D:1)
25 creatures vanquished.

Notes
Turn   | Place    | Note
-------+----------+-------------------------------------------
     0 | D:1      | Astera the Formicid Fighter began the quest for the Orb.
     0 | D:1      | Reached XP level 1. HP: 18/18 MP: 1/1
    72 | D:1      | Reached XP level 2. HP: 23/24 MP: 2/2
   799 | D:1      | Reached XP level 3. HP: 29/29 MP: 3/3
  1113 | D:1      | Found a faded altar of an unknown god.
  1129 | D:1      | Prayed at the altar of an unknown god.
  1129 | D:1      | Became a worshipper of Zin the Law-Giver
  1129 | D:1      | Reached * piety under Zin
  1129 | D:1      | Reached ** piety under Zin
  1259 | D:2      | Found Toreo's Magic Scroll Shop.
  1319 | D:2      | Killed from afar by an orc priest

Illustrated notes

Levels and vault maps discovered:
D:1:      dpeg_arrival_radiant, layout_basic, shapermc_ecumenical_altar_ellora,
          hangedman_decor_clover_reticule, chequers_serial_rivers_micro_a,
          minmay_tromino_v4_a
D:2:      layout_rooms, serial_shops, shop_scrolls, st_stairs_6, uniq_natasha

Action                   || total
-------------------------++-------
Melee: Quarterstaff      ||    63
Armor: Scale mail        ||    31
Dodge: Dodged            ||    31
Block: Buckler           ||    10

Table legend: (Time is in decaauts)
 A = Elapsed time spent in this place.
 B = Non-inter-level travel time spent in this place.
 C = Inter-level travel time spent in this place.
 D = Time resting spent in this place.
 E = Time spent auto-exploring this place.
 F = Levels seen in this place.
 G = Mean time per level.
                   A        B        C        D        E       F      G
               +--------+--------+--------+--------+--------+-----+--------+
         Total |   1331 |   1311 |     20 |      0 |   1048 |   2 |  665.5 |
       Dungeon |   1331 |   1311 |     20 |      0 |   1048 |   2 |  665.5 |
               +--------+--------+--------+--------+--------+-----+--------+

Top non-repeatable levels by time:
     D:1: 1212 daAuts
     D:2: 119 daAuts
